 Dungeon Crawl Stone Soup version 0.30.1-3-gfc49f6343a (webtiles) character file.

Game seed: 8864123170830877603

248 LowPressure the Chiller (level 5, 0/28 HPs)
             Began as a Deep Elf Ice Elementalist on June 28, 2023.
             Slain by an orc wizard
             ... wielding a +0 dagger
              (1 damage)
             ... on level 5 of the Dungeon on July 19, 2023.
             The game lasted 00:12:45 (3395 turns).

LowPressure the Chiller (Deep Elf Ice Elementalist) Turns: 3395, Time: 00:12:45

Health: 0/28       AC: 10    Str:  5    XL:     5   Next: 86%
Magic:  9/15       EV: 13    Int: 22    God:
Gold:   230        SH:  0    Dex: 15    Spells: 8/15 levels left

rFire   . . .        p - +4 quarterstaff (chaos)
rCold   . . .        (shield currently unavailable)
rNeg    . . .        a - +0 robe
rPois   .            (no helmet)
rElec   .            q - +0 cloak
rCorr   .            (no gloves)
SInv    .            (no boots)
Will    .....        (no amulet)
Stlth   ++           (no ring)
HPRegen 0.24/turn    (no ring)
MPRegen 0.14/turn

%: no passive effects
@: ice-armoured
A: no striking features
a: no special abilities


You were on level 5 of the Dungeon.
You visited 1 branch of the dungeon, and saw 5 of its levels.

You collected 230 gold pieces.

Inventory:

Hand Weapons
 e - a +3 whip
 p - a +4 quarterstaff of chaos (weapon)
Missiles
 v - a curare-tipped dart
Armour
 a - a +0 robe (worn)
 q - a +0 cloak (worn)
Wands
 k - a wand of mindburst (11)
Scrolls
 f - 2 scrolls of identify {unknown}
 h - a scroll of fog {unknown}
 j - a scroll of vulnerability {unknown}
 n - a scroll of poison {unknown}
 s - a scroll of teleportation {unknown}
 w - a scroll of blinking {unknown}
Potions
 b - a potion of magic
 c - a potion of berserk rage
 d - a potion of invisibility {unknown}
 g - a potion of degeneration {unknown}
 i - 2 potions of haste {unknown}
 l - 2 potions of lignification {unknown}
 m - 2 potions of curing {unknown}
 o - a potion of might {unknown}
 r - a potion of cancellation {unknown}
 t - 2 potions of flight {unknown}
 u - a potion of resistance {unknown}
 x - a potion of heal wounds {unknown}


   Skills:
 + Level 0.1 Fighting
 + Level 0.1 Staves
 + Level 2.7 Dodging
 + Level 2.7 Stealth
 + Level 5.5 Spellcasting
 + Level 6.5 Ice Magic


You had 8 spell levels left.
You knew the following spells:

 Your Spells              Type           Power      Damage    Failure   Level
a - Freeze                Ice            100%       1d10      1%          1
b - Frozen Ramparts       Ice            70%        1d11      1%          3
c - Ozocubu's Armour      Ice            35%        N/A       1%          3

Your spell library contained the following spells:

 Spells                   Type           Power      Damage    Failure   Level
 Lesser Beckoning         Tloc           12%        N/A       14%         2
 Summon Ice Beast         Ice/Summ       20%        N/A       26%         4
 Gell's Gravitas          Tloc           6%         N/A       28%         3
 Inner Flame              Hex/Fire       6%         N/A       28%         3
 Teleport Other           Tloc           6%         N/A       28%         3
 Yara's Violent Unravell  Hex/Tmut       3%         3d4       95%         5
 Enfeeble                 Hex            3%         N/A       100%        7


Dungeon Overview and Level Annotations

Branches:
Dungeon (5/15)
 Temple: D:4-7

Altars:
Trog

Annotations:
D:4 Menkaure
D:5 Ijyb


Message History

There is an open door here.
You see here a +0 hand axe.
There is a stone staircase leading down here.
You climb downwards.
The orc priest shouts!
The orc shouts!
You hear a bark!
The orc wizard shouts!
Found a scroll labelled OROESK TATTA.
Found a stone staircase leading up and a stone staircase leading down.
There is a stone staircase leading up here.
Casting: Freeze (safe; 1% risk of failure)
Confirm with . or Enter, or press ? or * to list all spells.
A film of ice covers your body!
The orc shouts!
You hear a shout!
Ijyb the Twisted Goblin comes into view.
She is wielding a +0 club and carrying a wand of charming (9).
The orc wizard hits you but does no damage.
You hear a bark!
You hear an angry hiss.
Your icy armour will break if you move.
Continue?
Uppercase [Y]es or [N]o only, please.
Your icy armour will break if you move.
Continue? [Y]es or [N]o only, please.
Your icy armour will break if you move.
Continue?
The orc attacks as you move away! The orc hits you but does no damage.
You are electrocuted!
Ouch! That really hurt!
Your icy armour cracks and falls away as you move.
The orc hits you with a +4 flail!
* * * LOW HITPOINT WARNING * * *
The orc wizard mumbles some strange words.
The orc wizard flickers and vanishes!
Deactivating autopickup; reactivate with Ctrl-A.
The orc hits you with a +0 club.
* * * LOW HITPOINT WARNING * * *
The orc priest hits you with a +0 dagger.
* * * LOW HITPOINT WARNING * * *
Unknown command.
Casting: Ozocubu's Armour (safe; 1% risk of failure)
Confirm with . or Enter, or press ? or * to list all spells.
A film of ice covers your body! The scorpion barely misses you.
The orc barely misses you. The orc priest barely misses you.
The orc closely misses you. Something hits you.
You die...

... #.. .
g.####
..##....#
#.......### #.
..........##...
#......o.......
#...os{......
#...o@o......
#.....#####.<..
.....> .#.
.#... ....?
#..o ##..


You could see Ijyb, a scorpion, an orc priest and 3 orcs.

Vanquished Creatures
  A kobold brigand (D:4)
  A hound (D:4)
  Crazy Yiuf (D:2)
  2 adders (D:2)
  3 worms
  3 dart slugs
  5 orcs
  10 ball pythons
  8 endoplasms
  2 giant cockroaches
  7 goblins
  11 hobgoblins
  2 jackals (D:4)
  3 quokkas
  5 bats
  A frilled lizard (D:3)
  9 kobolds
  4 rats
78 creatures vanquished.

Vanquished Creatures (others)
  A wizard (D:3)
1 creature vanquished.

Grand Total: 79 creatures vanquished

Notes
Turn   | Place    | Note
-------+----------+-------------------------------------------
     0 | D:1      | LowPressure the Deep Elf Ice Elementalist began the quest
                  | for the Orb.
     0 | D:1      | Reached XP level 1. HP: 10/10 MP: 6/6
   152 | D:2      | Reached XP level 2. HP: 15/15 MP: 6/8
   193 | D:1      | Reached skill level 5 in Ice Magic
   247 | D:1      | Found a faded altar of an unknown god.
   451 | D:1      | Reached XP level 3. HP: 16/19 MP: 7/9
   668 | D:1      | Upgraded the game from 0.30.0-30-g96aa6591b8 to
                  | 0.30.1-3-gfc49f6343a
   711 | D:1      | Learned a level 3 spell: Frozen Ramparts
   715 | D:1      | Learned a level 3 spell: Ozocubu's Armour
  1604 | D:2      | Reached XP level 4. HP: 24/24 MP: 7/11
  1712 | D:2      | Found a runed translucent door.
  1713 | D:2      | Noticed Crazy Yiuf
  1719 | D:2      | Killed Crazy Yiuf
  2022 | D:3      | Reached skill level 6 in Ice Magic
  2528 | D:3      | Found a bloodstained altar of Trog.
  2531 | D:3      | Noticed a wizard
  2537 | D:3      | Killed a wizard
  2977 | D:4      | Noticed a kobold brigand
  2990 | D:4      | Killed a kobold brigand
  2991 | D:4      | Reached skill level 5 in Spellcasting
  2991 | D:4      | Reached XP level 5. HP: 16/28 MP: 6/14
  3337 | D:4      | Noticed Menkaure
  3392 | D:5      | Entered Level 5 of the Dungeon
  3393 | D:5      | Noticed Ijyb
  3394 | D:5      | HP: 1/28 [orc priest/+0 dagger (1)]
  3395 | D:5      | Slain by an orc wizard

Illustrated notes

Levels and vault maps discovered:
D:1:      minmay_arrival_cross, layout_basic,
          dilly_ecumenical_altar_fadedgnrine, minmay_domino_4
D:2:      layout_basic, kennysheep_doodads, corexii_hall_statues_x,
          minmay_distorted, uniq_crazy_yiuf_cottage
D:3:      layout_basic, trog_wizard
D:4:      layout_gridville, minmay_strange_pillars, uniq_menkaure
D:5:      layout_rooms, dk_yredelemnul_ordeal, nicolae_shop_vocational,
          uniq_ijyb

Skill      XL: |  1  2  3  4 |
---------------+-------------+-----
Ice Magic      | 5 6 |  6.5
Spellcasting   | 5 |  5.5
Fighting       | |  0.1
Staves         | |  0.1
Dodging        | |  2.7
Stealth        | |  2.7

Action                     |  1- 3 |  4- 6 || total
---------------------------+-------+-------++-------
  Melee: Unarmed           |     4 |       ||     4
         Quarterstaff      |       |    17 ||    17
   Cast: Freeze            |    57 |    31 ||    88
         Frozen Ramparts   |     5 |     9 ||    14
         Ozocubu's Armour  |       |     6 ||     6
    Use: Potion            |       |     1 ||     1
   Stab: Sleeping          |       |     2 ||     2
 Armour: Robe              |    14 |    12 ||    26
  Dodge: Dodged            |    32 |    25 ||    57
